CLEVELAND Monsters vs LAVAL Rocket

Created - 16 février 2024 at 16:34

Goals
1 2 3 T
CLEVELAND Monsters 0 0 0 0
LAVAL Rocket 2 1 0 3
Shots
1 2 3 T
CLEVELAND Monsters 8 5 15 28
LAVAL Rocket 9 4 6 19

1st period

1. LAVAL Rocket , Alex Barre-Boulet 1 (Rafael Harvey-Pinard 1, Julien Gauthier 1) at 2:18 (PP)
2. LAVAL Rocket , Rafael Harvey-Pinard 1 (Alex Barre-Boulet 1, Nicolas Beaudin 1) at 19:41 (PP)

Penalties :
Cale Fleury (clb) for Charging (Minor) at 0:48, Aidan Dudas (clb) for Interference (Minor) at 3:26, Cale Fleury (clb) for Roughing (Minor) at 19:33

2nd period

3. LAVAL Rocket , Jakob Pelletier 1 (Anthony Richard 1, Nicolas Beaudin 2) at 3:02 (PP)

Penalties :
Pontus Holmberg (clb) for Tripping (Minor) at 1:03

3rd period

No Goal

Penalties :
Damien Giroux (mtl) for Hooking (Minor) at 9:48, William Trudeau (clb) for Hooking (Minor) at 13:27

Goalie Stats

Samuel Ersson (clb), 16 saves from 19 shots - (0,842), L, 0-2-1, 60:00 minutes
Zachary Fucale (mtl), 28 saves from 28 shots - (1,000), W, 1-2-0, 60:00 minutes

Players Stats for CLEVELAND Monsters

Player Name              G  A  P  +/- PIM S  H  SB GA TA FO     MP     PP MP  PK MP  
------------------------------------------------------------------------------------
Adam Ginning             0  0  0   0  0   0  1  0  0  0  0/0    15:41   0:00   0:00 
Aidan Dudas              0  0  0   0  2   3  2  0  0  0  0/0    11:14   0:00   0:00 
Alex Green               0  0  0   0  0   1  1  0  0  0  0/0    15:59   0:00   0:18 
Brett Seney              0  0  0   0  0   0  2  0  0  0  8/11   15:17   0:00   0:00 
Cale Fleury              0  0  0   0  4   0  0  0  0  0  0/0    19:07   0:38   3:23 
David Gustafsson         0  0  0   0  0   4  1  0  0  0  10/18  23:42   0:56   3:03 
Elmer Soderblom          0  0  0   0  0   4  2  1  0  0  2/2    23:31   0:56   4:29 
Jacob Perreault          0  0  0   0  0   1  2  0  0  0  0/1    18:06   1:03   0:00 
Jalen Chatfield          0  0  0   0  0   3  2  2  0  0  0/0    20:44   1:21   3:06 
Jeffrey Truchon-Viel     0  0  0   0  0   1  1  0  0  0  1/1    15:17   0:00   0:00 
Joona Luoto              0  0  0   0  0   0  0  0  0  0  0/0     7:47   0:56   0:00 
Josiah Slavin            0  0  0   0  0   0  0  0  0  0  0/0     2:25   0:00   0:00 
Michael Karow            0  0  0   0  0   1  1  0  0  0  0/0     5:18   0:00   1:58 
Nikita Nesterenko        0  0  0   0  0   1  0  0  0  0  6/10   13:39   0:00   2:24 
Pierre-Olivier Joseph    0  0  0   0  0   2  3  2  0  0  0/0    24:04   1:21   3:06 
Pontus Holmberg          0  0  0   0  2   2  3  0  0  0  14/23  20:13   1:03   2:08 
Tanner Kero              0  0  0   0  0   5  1  0  0  0  1/2    21:12   1:03   3:06 
William Trudeau          0  0  0   0  2   0  1  0  0  0  0/0    19:04   0:38   3:19 

Players Stats for LAVAL Rocket

Player Name              G  A  P  +/- PIM S  H  SB GA TA FO     MP     PP MP  PK MP  
------------------------------------------------------------------------------------
Alex Barre-Boulet        1  1  2   0  0   1  0  0  0  0  14/20  20:26   3:40   1:44 
Alexandre Fortin         0  0  0   0  0   0  0  0  0  0  0/0    16:37   0:00   0:00 
Anthony Richard          0  1  1   0  0   1  1  0  0  0  0/0    18:36   3:55   0:00 
Benoit-Olivier Groulx    0  0  0   0  0   0  0  0  0  0  0/0     0:00   0:00   0:00 
Cal Foote                0  0  0   0  0   1  5  2  0  0  0/0    26:50   2:26   0:56 
Damien Giroux            0  0  0   0  2   0  2  0  0  0  0/0    11:28   1:50   0:00 
Elliot Desnoyers         0  0  0   0  0   1  0  0  0  0  4/13   16:37   0:00   0:00 
Jakob Pelletier          1  0  1   0  0   2  1  0  0  0  0/0    18:48   3:55   0:12 
Joel L'Esperance         0  0  0   0  0   0  0  0  0  0  1/5     4:06   0:00   0:00 
Julien Gauthier          0  1  1   0  0   2  4  1  0  0  0/6    24:17   3:40   1:29 
Maxime Lajoie            0  0  0   0  0   0  0  2  0  0  0/0    26:43   1:58   0:56 
Nicolas Beaudin          0  2  2   0  0   1  5  0  0  0  0/0    23:15   4:19   1:03 
Rafael Harvey-Pinard     1  1  2   0  0   6  0  0  0  0  1/2    18:57   3:40   0:15 
Raphael Lavoie           0  0  0   0  0   1  2  0  0  0  6/22   18:36   3:55   0:00 
Samuel Bolduc            0  0  0   0  0   2  2  0  0  0  0/0    23:15   4:19   1:03 
Samuel Houde             0  0  0   0  0   1  0  1  0  0  0/0     8:46   0:18   0:18 
Samuel Laberge           0  0  0   0  0   0  0  0  0  0  0/0     4:06   0:00   0:00 
William Dufour           0  0  0   0  0   0  1  0  0  0  0/0    16:37   0:00   0:00 

3 Stars

1 - Zachary Fucale (mtl)
2 - Nicolas Beaudin (mtl)
3 - Alex Barre-Boulet (mtl)

Power Play

CLEVELAND Monsters - 0 on 1 Attempt(s) - 0,00%
LAVAL Rocket - 3 on 5 Attempt(s) - 60,00%

Penalty Kill

CLEVELAND Monsters - 2 on 5 Attempt(s) - 40,00% - Score 0 goal in Penalty Kill
LAVAL Rocket - 1 on 1 Attempt(s) - 100,00% - Score 0 goal in Penalty Kill

Team Stat

CLEVELAND Monsters - Hits : 23 - Faceoff Wins : 42 - Blocked Shots : 5 - Penalty Minutes : 10
LAVAL Rocket - Hits : 23 - Faceoff Wins : 26 - Blocked Shots : 6 - Penalty Minutes : 2

Official

Referees : Carter Sandlak and Jordan Samuels-Thomas
Linesman : Libor Suchanek and Steve Barton

Game Notes

No Game Note

CLEVELAND Monsters

5 vs 5 Forward 
   Center                   Left Wing                Right Wing               Time % Phy DF OF 
 1 David Gustafsson         Elmer Soderblom          Joona Luoto              40     1   2  2  
 2 Pontus Holmberg          Tanner Kero              Jacob Perreault          30     1   2  2  
 3 Brett Seney              Jeffrey Truchon-Viel     David Gustafsson         20     1   2  2  
 4 Nikita Nesterenko        Aidan Dudas              Elmer Soderblom          10     1   2  2  

5 vs 5 Defense 
   Defense                  Defense                                           Time % Phy DF OF 
 1 Pierre-Olivier Joseph    Jalen Chatfield                                   40     1   2  2  
 2 Cale Fleury              William Trudeau                                   30     1   2  2  
 3 Adam Ginning             Alex Green                                        20     1   2  2  
 4 Michael Karow            Pierre-Olivier Joseph                             10     1   2  2  

PowerPlay Forward 
   Center                   Left Wing                Right Wing               Time % Phy DF OF 
 1 David Gustafsson         Elmer Soderblom          Joona Luoto              60     1   2  2  
 2 Pontus Holmberg          Tanner Kero              Jacob Perreault          40     1   2  2  

PowerPlay Defense
   Defense                  Defense                                           Time % Phy DF OF 
 1 Pierre-Olivier Joseph    Jalen Chatfield                                   60     1   2  2  
 2 Cale Fleury              William Trudeau                                   40     1   2  2  

Penalty Kill 4 Players Forward 
   Center                   Wing                     Time % Phy DF OF 
 1 David Gustafsson         Elmer Soderblom          60     1   2  2  
 2 Pontus Holmberg          Tanner Kero              40     1   2  2  

Penalty Kill 4 Players Defense
   Defense                  Defense                  Time % Phy DF OF 
 1 Pierre-Olivier Joseph    Jalen Chatfield          60     1   2  2  
 2 Cale Fleury              William Trudeau          40     1   2  2  

Penalty Kill - 3 Players Forward 
   Forward                                           Time % Phy DF OF 
 1 David Gustafsson                                  60     1   2  2  
 2 Elmer Soderblom                                   40     1   2  2  

Penalty Kill - 3 Players Defense
   Defense                  Defense                  Time % Phy DF OF 
 1 Pierre-Olivier Joseph    Jalen Chatfield          60     1   2  2  
 2 Cale Fleury              William Trudeau          40     1   2  2  

4 vs 4 Forward 
   Center                   Wing                     Time % Phy DF OF 
 1 David Gustafsson         Elmer Soderblom          60     1   2  2  
 2 Pontus Holmberg          Tanner Kero              40     1   2  2  

4 vs 4 Defense
   Defense                  Defense                  Time % Phy DF OF 
 1 Pierre-Olivier Joseph    Jalen Chatfield          60     1   2  2  
 2 Cale Fleury              William Trudeau          40     1   2  2  

Last Minutes Offensive
   Center                   Left Wing                Right Wing               Defense                  Defense                  
   David Gustafsson         Elmer Soderblom          Joona Luoto              Pierre-Olivier Joseph    Jalen Chatfield          

Last Minutes Defensive
   Center                   Left Wing                Right Wing               Defense                  Defense                  
   David Gustafsson         Elmer Soderblom          Joona Luoto              Pierre-Olivier Joseph    Jalen Chatfield          

Goaltenders
Starting : Samuel Ersson            
Backup : Gilles Senn              
Third : Will Cranley             

Extra Forwards
Normal : Josiah Slavin, Brett Seney, Nikita Nesterenko - PP : Josiah Slavin, Brett Seney - PK : Nikita Nesterenko
Extra Defensemen
Normal : Adam Ginning, Alex Green, Michael Karow - PP : Adam Ginning - PK : Alex Green, Michael Karow
Penalty Shots
David Gustafsson, Elmer Soderblom, Pontus Holmberg, Tanner Kero, Brett Seney

Scratches
Brendan Guhle (Healthy), Jake Bischoff (Healthy), David Kase (Healthy), Luke Stevens (Healthy), Rasmus Korhonen (Healthy)

LAVAL Rocket

5 vs 5 Forward 
   Center                   Left Wing                Right Wing               Time % Phy DF OF 
 1 Alex Barre-Boulet        Rafael Harvey-Pinard     Julien Gauthier          40     1   2  2  
 2 Raphael Lavoie           Jakob Pelletier          Anthony Richard          30     1   2  2  
 3 Elliot Desnoyers         Alexandre Fortin         William Dufour           20     1   2  2  
 4 Joel L'Esperance         Samuel Laberge           Julien Gauthier          10     1   2  2  

5 vs 5 Defense 
   Defense                  Defense                                           Time % Phy DF OF 
 1 Cal Foote                Maxime Lajoie                                     40     1   2  2  
 2 Samuel Bolduc            Nicolas Beaudin                                   30     1   2  2  
 3 Cal Foote                Maxime Lajoie                                     20     1   2  2  
 4 Samuel Bolduc            Nicolas Beaudin                                   10     1   2  2  

PowerPlay Forward 
   Center                   Left Wing                Right Wing               Time % Phy DF OF 
 1 Alex Barre-Boulet        Rafael Harvey-Pinard     Julien Gauthier          60     1   2  2  
 2 Raphael Lavoie           Jakob Pelletier          Anthony Richard          40     1   2  2  

PowerPlay Defense
   Defense                  Defense                                           Time % Phy DF OF 
 1 Cal Foote                Maxime Lajoie                                     60     1   2  2  
 2 Samuel Bolduc            Nicolas Beaudin                                   40     1   2  2  

Penalty Kill 4 Players Forward 
   Center                   Wing                     Time % Phy DF OF 
 1 Julien Gauthier          Alex Barre-Boulet        60     1   2  2  
 2 Rafael Harvey-Pinard     Jakob Pelletier          40     1   2  2  

Penalty Kill 4 Players Defense
   Defense                  Defense                  Time % Phy DF OF 
 1 Cal Foote                Maxime Lajoie            60     1   2  2  
 2 Samuel Bolduc            Nicolas Beaudin          40     1   2  2  

Penalty Kill - 3 Players Forward 
   Forward                                           Time % Phy DF OF 
 1 Julien Gauthier                                   60     1   2  2  
 2 Alex Barre-Boulet                                 40     1   2  2  

Penalty Kill - 3 Players Defense
   Defense                  Defense                  Time % Phy DF OF 
 1 Cal Foote                Maxime Lajoie            60     1   2  2  
 2 Samuel Bolduc            Nicolas Beaudin          40     1   2  2  

4 vs 4 Forward 
   Center                   Wing                     Time % Phy DF OF 
 1 Julien Gauthier          Alex Barre-Boulet        60     1   2  2  
 2 Rafael Harvey-Pinard     Jakob Pelletier          40     1   2  2  

4 vs 4 Defense
   Defense                  Defense                  Time % Phy DF OF 
 1 Cal Foote                Maxime Lajoie            60     1   2  2  
 2 Samuel Bolduc            Nicolas Beaudin          40     1   2  2  

Last Minutes Offensive
   Center                   Left Wing                Right Wing               Defense                  Defense                  
   Alex Barre-Boulet        Rafael Harvey-Pinard     Julien Gauthier          Cal Foote                Maxime Lajoie            

Last Minutes Defensive
   Center                   Left Wing                Right Wing               Defense                  Defense                  
   Alex Barre-Boulet        Rafael Harvey-Pinard     Julien Gauthier          Cal Foote                Maxime Lajoie            

Goaltenders
Starting : Zachary Fucale           
Backup : Maxime Lagace            
Third : Kevin Mandolese          

Extra Forwards
Normal : Samuel Houde, Benoit-Olivier Groulx, Damien Giroux - PP : Samuel Houde, Benoit-Olivier Groulx - PK : Damien Giroux
Extra Defensemen
Normal : Cal Foote, Maxime Lajoie, Samuel Bolduc - PP : Cal Foote - PK : Maxime Lajoie, Samuel Bolduc
Penalty Shots
Julien Gauthier, Alex Barre-Boulet, Rafael Harvey-Pinard, Jakob Pelletier, Raphael Lavoie

Scratches
Alex Dostie (Healthy), Antoine Morand (Healthy), John Quenneville (Healthy), Gabriel Fontaine (Healthy), Jeremy Roy (Healthy)
Francis Perron (Healthy), Nicolas Meloche (Healthy), Felix Bibeau (Healthy), Alex Beaucage (Healthy), Nathan Legare (Healthy)
Philippe Daoust (Healthy), Sam Poulin (Healthy), Louis Crevier (Healthy), Callum Booth (Healthy), Hunter Jones (Healthy)

% Time on Ice - CLEVELAND Monsters

Lines # - Real PCT - Wanted PCT - Time Play
Normal Forward
1 - 14% - 40% - 6:51
2 - 34% - 30% - 17:03
3 - 30% - 20% - 15:17
4 - 22% - 10% - 11:15
Normal Defense
1 - 32% - 40% - 16:17
2 - 30% - 30% - 15:08
3 - 31% - 20% - 15:41
4 - 7% - 10% - 3:20
PP Forward
1 - 47% - 60% - 0:56
2 - 53% - 40% - 1:03
PP Defense
1 - 68% - 60% - 1:21
2 - 32% - 40% - 0:38
PK Forward
1 - 59% - 60% - 4:29
2 - 41% - 40% - 3:06
PK Defense
1 - 41% - 60% - 3:06
2 - 59% - 40% - 4:29
PK3 Forward
1 - 0% - 60%
2 - 0% - 40%
PK3 Defense
1 - 0% - 60%
2 - 0% - 40%
44 Forward
1 - 0% - 60%
2 - 0% - 40%
44 Defense
1 - 0% - 60%
2 - 0% - 40%
Last Minute Offensive  - 0:00
Last Minute Defensive  - 0:00
Total
Forward - 60:00
Defense - 60:00

% Time on Ice - LAVAL Rocket

Lines # - Real PCT - Wanted PCT - Time Play
Normal Forward
1 - 30% - 40% - 15:02
2 - 29% - 30% - 14:41
3 - 33% - 20% - 16:37
4 - 8% - 10% - 4:06
Normal Defense
1 - 39% - 40% - 19:40
2 - 35% - 30% - 17:24
3 - 17% - 20% - 8:44
4 - 9% - 10% - 4:38
PP Forward
1 - 48% - 60% - 3:40
2 - 52% - 40% - 3:55
PP Defense
1 - 39% - 60% - 2:58
2 - 61% - 40% - 4:37
PK Forward
1 - 90% - 60% - 1:47
2 - 10% - 40% - 0:12
PK Defense
1 - 47% - 60% - 0:56
2 - 53% - 40% - 1:03
PK3 Forward
1 - 0% - 60%
2 - 0% - 40%
PK3 Defense
1 - 0% - 60%
2 - 0% - 40%
44 Forward
1 - 0% - 60%
2 - 0% - 40%
44 Defense
1 - 0% - 60%
2 - 0% - 40%
Last Minute Offensive  - 0:00
Last Minute Defensive  - 0:00
Total
Forward - 60:00
Defense - 60:00

Play-by-Play

1st period


0:01 of 1st period - Alex Barre-Boulet wins face-off versus David Gustafsson in neutral zone.
0:22 of 1st period - Shot by Rafael Harvey-Pinard.
0:22 of 1st period - Stopped by Samuel Ersson with a rebound.
0:35 of 1st period - Pierre-Olivier Joseph is hit by Julien Gauthier and loses puck.
0:47 of 1st period - Cal Foote is hit by William Trudeau and loses puck.
0:48 of 1st period - Minor Penalty to Cale Fleury for Charging.
0:49 of 1st period - David Gustafsson wins face-off versus Raphael Lavoie in CLEVELAND Monsters zone.
1:15 of 1st period - Anthony Richard is hit by Michael Karow and loses puck.
2:08 of 1st period - Shot by Cal Foote.
2:08 of 1st period - Shot Misses the Net.
2:10 of 1st period - Shot by Cal Foote.
2:10 of 1st period - Deflect By Julien Gauthier.
2:10 of 1st period - Shot Misses the Net.
2:12 of 1st period - Shot by Rafael Harvey-Pinard.
2:12 of 1st period - Shot Misses the Net.
2:14 of 1st period - Shot by Rafael Harvey-Pinard.
2:14 of 1st period - Shot Blocked by Pierre-Olivier Joseph.
2:16 of 1st period - Shot by Julien Gauthier.
2:16 of 1st period - Shot Misses the Net.
2:18 of 1st period - Shot by Rafael Harvey-Pinard.
2:18 of 1st period - Deflect By Alex Barre-Boulet.
2:18 of 1st period - Goal by Alex Barre-Boulet - CLEVELAND Monsters : 0 - LAVAL Rocket : 1.
2:19 of 1st period - Tanner Kero wins face-off versus Elliot Desnoyers in neutral zone.
2:24 of 1st period - Cal Foote is hit by Tanner Kero and loses puck.
3:13 of 1st period - Shot by David Gustafsson.
3:13 of 1st period - Shot Blocked by Cal Foote.
3:15 of 1st period - Shot by Pierre-Olivier Joseph.
3:15 of 1st period - Shot Misses the Net.
3:26 of 1st period - Minor Penalty to Aidan Dudas for Interference.
3:27 of 1st period - Nikita Nesterenko wins face-off versus Alex Barre-Boulet in CLEVELAND Monsters zone.
3:34 of 1st period - Shot by Nicolas Beaudin.
3:34 of 1st period - Shot Misses the Net.
3:36 of 1st period - Shot by Samuel Bolduc.
3:36 of 1st period - Stopped by Samuel Ersson without a rebound.
3:37 of 1st period - Alex Barre-Boulet wins face-off versus Nikita Nesterenko in CLEVELAND Monsters zone.
4:02 of 1st period - Shot by Rafael Harvey-Pinard.
4:02 of 1st period - Shot Blocked by Elmer Soderblom.
4:04 of 1st period - Shot by Nicolas Beaudin.
4:04 of 1st period - Stopped by Samuel Ersson without a rebound.
4:05 of 1st period - Pontus Holmberg wins face-off versus Raphael Lavoie in CLEVELAND Monsters zone.
4:14 of 1st period - William Trudeau is hit by Jakob Pelletier and loses puck.
6:01 of 1st period - Shot by Jacob Perreault.
6:01 of 1st period - Shot Misses the Net.
6:10 of 1st period - Off-side.
6:11 of 1st period - Brett Seney wins face-off versus Alex Barre-Boulet in neutral zone.
7:15 of 1st period - Shot by Elmer Soderblom.
7:15 of 1st period - Deflect By Aidan Dudas.
7:15 of 1st period - Stopped by Zachary Fucale without a rebound.
7:16 of 1st period - Joel L'Esperance wins face-off versus Pontus Holmberg in LAVAL Rocket zone.
8:35 of 1st period - Shot by William Trudeau.
8:35 of 1st period - Shot Misses the Net.
8:37 of 1st period - Shot by David Gustafsson.
8:37 of 1st period - Stopped by Zachary Fucale without a rebound.
8:38 of 1st period - Brett Seney wins face-off versus Raphael Lavoie in LAVAL Rocket zone.
9:45 of 1st period - Shot by Nikita Nesterenko.
9:45 of 1st period - Shot Hit the Post.
9:52 of 1st period - Icing by Cal Foote.
9:53 of 1st period - Pontus Holmberg wins face-off versus Julien Gauthier in LAVAL Rocket zone.
10:02 of 1st period - Shot by Jacob Perreault.
10:02 of 1st period - Shot Blocked by Maxime Lajoie.
10:04 of 1st period - Shot by Jacob Perreault.
10:04 of 1st period - Shot Misses the Net.
10:06 of 1st period - Shot by Alex Green.
10:06 of 1st period - Stopped by Zachary Fucale without a rebound.
10:07 of 1st period - Elmer Soderblom wins face-off versus Elliot Desnoyers in LAVAL Rocket zone.
10:30 of 1st period - Shot by William Dufour.
10:30 of 1st period - Shot Misses the Net.
10:36 of 1st period - Elliot Desnoyers is hit by Aidan Dudas and loses puck.
11:12 of 1st period - Icing by Pontus Holmberg.
11:13 of 1st period - Alex Barre-Boulet wins face-off versus Pontus Holmberg in CLEVELAND Monsters zone.
11:14 of 1st period - Shot by Rafael Harvey-Pinard.
11:14 of 1st period - Stopped by Samuel Ersson without a rebound.
11:15 of 1st period - Brett Seney wins face-off versus Alex Barre-Boulet in CLEVELAND Monsters zone.
12:19 of 1st period - Icing by Adam Ginning.
12:20 of 1st period - Pontus Holmberg wins face-off versus Elliot Desnoyers in CLEVELAND Monsters zone.
12:25 of 1st period - Shot by Tanner Kero.
12:25 of 1st period - Stopped by Zachary Fucale without a rebound.
12:26 of 1st period - Nikita Nesterenko wins face-off versus Raphael Lavoie in LAVAL Rocket zone.
12:37 of 1st period - Raphael Lavoie is hit by Elmer Soderblom and loses puck.
13:12 of 1st period - Shot by Elliot Desnoyers.
13:12 of 1st period - Shot Misses the Net.
13:31 of 1st period - William Trudeau is hit by Cal Foote and loses puck.
13:52 of 1st period - Maxime Lajoie is hit by Pierre-Olivier Joseph and loses puck.
14:03 of 1st period - Shot by Pontus Holmberg.
14:03 of 1st period - Shot Misses the Net.
14:05 of 1st period - Shot by Tanner Kero.
14:05 of 1st period - Stopped by Zachary Fucale without a rebound.
14:06 of 1st period - Alex Barre-Boulet wins face-off versus Brett Seney in LAVAL Rocket zone.
15:01 of 1st period - Icing by Jalen Chatfield.
15:02 of 1st period - Pontus Holmberg wins face-off versus Raphael Lavoie in CLEVELAND Monsters zone.
15:19 of 1st period - Shot by Pontus Holmberg.
15:19 of 1st period - Stopped by Zachary Fucale without a rebound.
15:20 of 1st period - Elliot Desnoyers wins face-off versus David Gustafsson in LAVAL Rocket zone.
15:43 of 1st period - Shot by David Gustafsson.
15:43 of 1st period - Shot Misses the Net.
15:45 of 1st period - Shot by David Gustafsson.
15:45 of 1st period - Stopped by Zachary Fucale without a rebound.
15:46 of 1st period - Raphael Lavoie wins face-off versus Tanner Kero in LAVAL Rocket zone.
16:45 of 1st period - Shot by Rafael Harvey-Pinard.
16:45 of 1st period - Stopped by Samuel Ersson with a rebound.
17:00 of 1st period - Shot by Elmer Soderblom.
17:00 of 1st period - Stopped by Zachary Fucale without a rebound.
17:01 of 1st period - Nikita Nesterenko wins face-off versus Elliot Desnoyers in LAVAL Rocket zone.
17:33 of 1st period - Icing by Elliot Desnoyers.
17:34 of 1st period - Elliot Desnoyers wins face-off versus Brett Seney in LAVAL Rocket zone.
18:36 of 1st period - Shot by Julien Gauthier.
18:36 of 1st period - Stopped by Samuel Ersson without a rebound.
18:37 of 1st period - Raphael Lavoie wins face-off versus Pontus Holmberg in CLEVELAND Monsters zone.
18:40 of 1st period - Shot by Anthony Richard.
18:40 of 1st period - Deflect By Raphael Lavoie.
18:40 of 1st period - Shot Misses the Net.
19:06 of 1st period - Shot by Anthony Richard.
19:06 of 1st period - Stopped by Samuel Ersson with a rebound.
19:33 of 1st period - Minor Penalty to Cale Fleury for Roughing.
19:34 of 1st period - Alex Barre-Boulet wins face-off versus David Gustafsson in CLEVELAND Monsters zone.
19:41 of 1st period - Shot by Rafael Harvey-Pinard.
19:41 of 1st period - Goal by Rafael Harvey-Pinard - CLEVELAND Monsters : 0 - LAVAL Rocket : 2.
19:42 of 1st period - Alex Barre-Boulet wins face-off versus Nikita Nesterenko in neutral zone.
Goals for this period are 0 for CLEVELAND Monsters vs 2 for LAVAL Rocket.
Shots for this period are 8 for CLEVELAND Monsters vs 9 for LAVAL Rocket.

2nd period


0:01 of 2nd period - Rafael Harvey-Pinard wins face-off versus David Gustafsson in neutral zone.
0:07 of 2nd period - Off-side.
0:08 of 2nd period - David Gustafsson wins face-off versus Julien Gauthier in neutral zone.
0:37 of 2nd period - Pierre-Olivier Joseph is hit by Julien Gauthier and loses puck.
0:46 of 2nd period - Shot by Elmer Soderblom.
0:46 of 2nd period - Shot Blocked by Cal Foote.
1:03 of 2nd period - Minor Penalty to Pontus Holmberg for Tripping.
1:04 of 2nd period - Raphael Lavoie wins face-off versus David Gustafsson in CLEVELAND Monsters zone.
1:07 of 2nd period - Shot by Samuel Bolduc.
1:07 of 2nd period - Stopped by Samuel Ersson without a rebound.
1:08 of 2nd period - Raphael Lavoie wins face-off versus David Gustafsson in CLEVELAND Monsters zone.
1:38 of 2nd period - Raphael Lavoie is hit by Jalen Chatfield and loses puck.
2:04 of 2nd period - Off-side.
2:05 of 2nd period - Alex Barre-Boulet wins face-off versus David Gustafsson in neutral zone.
2:21 of 2nd period - Shot by Cal Foote.
2:21 of 2nd period - Shot Blocked by Pierre-Olivier Joseph.
2:23 of 2nd period - Shot by Cal Foote.
2:23 of 2nd period - Deflect By Rafael Harvey-Pinard.
2:23 of 2nd period - Shot Misses the Net.
2:46 of 2nd period - Icing by Jakob Pelletier.
2:47 of 2nd period - David Gustafsson wins face-off versus Raphael Lavoie in LAVAL Rocket zone.
3:02 of 2nd period - Shot by Jakob Pelletier.
3:02 of 2nd period - Goal by Jakob Pelletier - CLEVELAND Monsters : 0 - LAVAL Rocket : 3.
3:03 of 2nd period - Elliot Desnoyers wins face-off versus Jacob Perreault in neutral zone.
4:51 of 2nd period - Icing by Rafael Harvey-Pinard.
4:52 of 2nd period - Pontus Holmberg wins face-off versus Alex Barre-Boulet in LAVAL Rocket zone.
4:56 of 2nd period - Jacob Perreault is hit by Samuel Bolduc and loses puck.
5:08 of 2nd period - Pontus Holmberg is hit by Nicolas Beaudin.
5:15 of 2nd period - Tanner Kero is hit by Nicolas Beaudin and loses puck.
5:21 of 2nd period - Icing by Nicolas Beaudin.
5:22 of 2nd period - Alex Barre-Boulet wins face-off versus Nikita Nesterenko in LAVAL Rocket zone.
5:22 of 2nd period - Alex Barre-Boulet is hit by Aidan Dudas.
5:48 of 2nd period - Shot by Raphael Lavoie.
5:48 of 2nd period - Stopped by Samuel Ersson without a rebound.
5:49 of 2nd period - Jeffrey Truchon-Viel wins face-off versus Elliot Desnoyers in CLEVELAND Monsters zone.
6:23 of 2nd period - Cal Foote is hit by David Gustafsson and loses puck.
6:37 of 2nd period - William Dufour is hit by Pierre-Olivier Joseph and loses puck.
6:47 of 2nd period - Pierre-Olivier Joseph is hit by Anthony Richard and loses puck.
7:34 of 2nd period - Shot by Elmer Soderblom.
7:34 of 2nd period - Stopped by Zachary Fucale without a rebound.
7:35 of 2nd period - David Gustafsson wins face-off versus Joel L'Esperance in LAVAL Rocket zone.
8:47 of 2nd period - Elliot Desnoyers is hit by Pontus Holmberg and loses puck.
9:36 of 2nd period - Shot by Jeffrey Truchon-Viel.
9:36 of 2nd period - Shot Misses the Net.
9:38 of 2nd period - Shot by Brett Seney.
9:38 of 2nd period - Shot Misses the Net.
9:40 of 2nd period - Shot by Brett Seney.
9:40 of 2nd period - Deflect By Jeffrey Truchon-Viel.
9:40 of 2nd period - Stopped by Zachary Fucale with a rebound.
9:53 of 2nd period - Icing by Samuel Houde.
9:54 of 2nd period - Nikita Nesterenko wins face-off versus Raphael Lavoie in LAVAL Rocket zone.
9:59 of 2nd period - Shot by Nikita Nesterenko.
9:59 of 2nd period - Shot Misses the Net.
10:26 of 2nd period - Icing by Damien Giroux.
10:27 of 2nd period - Pontus Holmberg wins face-off versus Raphael Lavoie in LAVAL Rocket zone.
10:37 of 2nd period - Jakob Pelletier is hit by Alex Green.
10:42 of 2nd period - Off-side.
10:43 of 2nd period - Alex Barre-Boulet wins face-off versus David Gustafsson in neutral zone.
10:53 of 2nd period - Brett Seney is hit by Nicolas Beaudin and loses puck.
11:29 of 2nd period - Julien Gauthier is hit by Pontus Holmberg and loses puck.
11:33 of 2nd period - Off-side.
11:34 of 2nd period - Pontus Holmberg wins face-off versus Elliot Desnoyers in neutral zone.
12:04 of 2nd period - Shot by Jacob Perreault.
12:04 of 2nd period - Shot Misses the Net.
12:06 of 2nd period - Shot by Alex Green.
12:06 of 2nd period - Shot Misses the Net.
13:49 of 2nd period - Icing by Jalen Chatfield.
13:50 of 2nd period - Brett Seney wins face-off versus Raphael Lavoie in CLEVELAND Monsters zone.
13:50 of 2nd period - Brett Seney is hit by Raphael Lavoie.
14:09 of 2nd period - Samuel Houde is hit by Jacob Perreault and loses puck.
14:13 of 2nd period - Raphael Lavoie is hit by Adam Ginning and loses puck.
14:18 of 2nd period - Shot by Jakob Pelletier.
14:18 of 2nd period - Shot Misses the Net.
15:16 of 2nd period - Shot by Aidan Dudas.
15:16 of 2nd period - Stopped by Zachary Fucale without a rebound.
15:17 of 2nd period - David Gustafsson wins face-off versus Raphael Lavoie in LAVAL Rocket zone.
15:27 of 2nd period - Icing by Samuel Bolduc.
15:28 of 2nd period - Brett Seney wins face-off versus Raphael Lavoie in LAVAL Rocket zone.
15:51 of 2nd period - Shot by Jalen Chatfield.
15:51 of 2nd period - Stopped by Zachary Fucale with a rebound.
16:26 of 2nd period - William Trudeau is hit by Cal Foote and loses puck.
16:30 of 2nd period - Icing by Cal Foote.
16:31 of 2nd period - Elliot Desnoyers wins face-off versus Pontus Holmberg in LAVAL Rocket zone.
16:44 of 2nd period - Icing by Tanner Kero.
16:45 of 2nd period - Alex Barre-Boulet wins face-off versus Pontus Holmberg in CLEVELAND Monsters zone.
16:58 of 2nd period - Shot by Julien Gauthier.
16:58 of 2nd period - Shot Hit the Post.
17:29 of 2nd period - William Trudeau is hit by Julien Gauthier and loses puck.
17:36 of 2nd period - Shot by Elmer Soderblom.
17:36 of 2nd period - Stopped by Zachary Fucale without a rebound.
17:37 of 2nd period - Nikita Nesterenko wins face-off versus Elliot Desnoyers in LAVAL Rocket zone.
17:37 of 2nd period - Nikita Nesterenko is hit by Damien Giroux.
18:08 of 2nd period - Shot by Elliot Desnoyers.
18:08 of 2nd period - Shot Blocked by Jalen Chatfield.
18:10 of 2nd period - Shot by Elliot Desnoyers.
18:10 of 2nd period - Shot Misses the Net.
18:12 of 2nd period - Shot by Samuel Houde.
18:12 of 2nd period - Stopped by Samuel Ersson without a rebound.
18:13 of 2nd period - Brett Seney wins face-off versus Raphael Lavoie in CLEVELAND Monsters zone.
18:40 of 2nd period - Shot by Anthony Richard.
18:40 of 2nd period - Shot Misses the Net.
19:16 of 2nd period - Shot by Alex Barre-Boulet.
19:16 of 2nd period - Deflect By Rafael Harvey-Pinard.
19:16 of 2nd period - Shot Misses the Net.
19:29 of 2nd period - Jacob Perreault is hit by Cal Foote and loses puck.
19:32 of 2nd period - Shot by Pontus Holmberg.
19:32 of 2nd period - Shot Misses the Net.
19:58 of 2nd period - Shot by Jalen Chatfield.
19:58 of 2nd period - Shot Misses the Net.
Goals for this period are 0 for CLEVELAND Monsters vs 1 for LAVAL Rocket.
Shots for this period are 5 for CLEVELAND Monsters vs 4 for LAVAL Rocket.

3rd period


0:01 of 3rd period - David Gustafsson wins face-off versus Alex Barre-Boulet in neutral zone.
0:28 of 3rd period - Cal Foote is hit by Jalen Chatfield and loses puck.
0:31 of 3rd period - Shot by Alex Barre-Boulet.
0:31 of 3rd period - Shot Misses the Net.
0:34 of 3rd period - Rafael Harvey-Pinard is hit by Pierre-Olivier Joseph and loses puck.
0:37 of 3rd period - Shot by Rafael Harvey-Pinard.
0:37 of 3rd period - Shot Misses the Net.
0:39 of 3rd period - Shot by Rafael Harvey-Pinard.
0:39 of 3rd period - Stopped by Samuel Ersson with a rebound.
0:41 of 3rd period - Shot by Cal Foote.
0:41 of 3rd period - Stopped by Samuel Ersson without a rebound.
0:42 of 3rd period - Raphael Lavoie wins face-off versus Pontus Holmberg in CLEVELAND Monsters zone.
0:50 of 3rd period - Icing by Cale Fleury.
0:51 of 3rd period - Pontus Holmberg wins face-off versus Raphael Lavoie in CLEVELAND Monsters zone.
0:56 of 3rd period - Anthony Richard is hit by Pontus Holmberg and loses puck.
1:19 of 3rd period - Shot by Jacob Perreault.
1:19 of 3rd period - Stopped by Zachary Fucale without a rebound.
1:20 of 3rd period - David Gustafsson wins face-off versus Alex Barre-Boulet in LAVAL Rocket zone.
1:30 of 3rd period - Off-side.
1:31 of 3rd period - Brett Seney wins face-off versus Joel L'Esperance in neutral zone.
1:40 of 3rd period - Shot by Brett Seney.
1:40 of 3rd period - Shot Misses the Net.
2:02 of 3rd period - Shot by Michael Karow.
2:02 of 3rd period - Stopped by Zachary Fucale with a rebound.
2:04 of 3rd period - Shot by David Gustafsson.
2:04 of 3rd period - Stopped by Zachary Fucale without a rebound.
2:05 of 3rd period - Pontus Holmberg wins face-off versus Raphael Lavoie in LAVAL Rocket zone.
2:05 of 3rd period - Pontus Holmberg is hit by Nicolas Beaudin.
2:14 of 3rd period - Off-side.
2:15 of 3rd period - Nikita Nesterenko wins face-off versus Elliot Desnoyers in neutral zone.
2:15 of 3rd period - Adam Ginning is hit by William Dufour and loses puck.
2:30 of 3rd period - Shot by Elliot Desnoyers.
2:30 of 3rd period - Stopped by Samuel Ersson with a rebound.
2:38 of 3rd period - Shot by Nikita Nesterenko.
2:38 of 3rd period - Stopped by Zachary Fucale without a rebound.
2:39 of 3rd period - Alex Barre-Boulet wins face-off versus Pontus Holmberg in LAVAL Rocket zone.
2:39 of 3rd period - Alex Barre-Boulet is hit by Jacob Perreault.
2:52 of 3rd period - Shot by Tanner Kero.
2:52 of 3rd period - Stopped by Zachary Fucale without a rebound.
2:53 of 3rd period - David Gustafsson wins face-off versus Raphael Lavoie in LAVAL Rocket zone.
3:08 of 3rd period - Shot by Elmer Soderblom.
3:08 of 3rd period - Deflect By David Gustafsson.
3:08 of 3rd period - Stopped by Zachary Fucale without a rebound.
3:09 of 3rd period - Alex Barre-Boulet wins face-off versus Pontus Holmberg in LAVAL Rocket zone.
5:11 of 3rd period - Off-side.
5:12 of 3rd period - Pontus Holmberg wins face-off versus Joel L'Esperance in neutral zone.
5:16 of 3rd period - Pontus Holmberg is hit by Cal Foote and loses puck.
5:28 of 3rd period - Jacob Perreault is hit by Cal Foote and loses puck.
5:52 of 3rd period - Icing by Cal Foote.
5:53 of 3rd period - Brett Seney wins face-off versus Joel L'Esperance in LAVAL Rocket zone.
6:21 of 3rd period - Shot by Jakob Pelletier.
6:21 of 3rd period - Stopped by Samuel Ersson with a rebound.
7:39 of 3rd period - Shot by Tanner Kero.
7:39 of 3rd period - Stopped by Zachary Fucale without a rebound.
7:40 of 3rd period - Alex Barre-Boulet wins face-off versus Brett Seney in LAVAL Rocket zone.
8:07 of 3rd period - Julien Gauthier is hit by Brett Seney and loses puck.
8:28 of 3rd period - Nicolas Beaudin is hit by Brett Seney and loses puck.
8:38 of 3rd period - Jakob Pelletier is hit by Elmer Soderblom and loses puck.
8:43 of 3rd period - Elmer Soderblom is hit by Raphael Lavoie and loses puck.
9:41 of 3rd period - Shot by Pontus Holmberg.
9:41 of 3rd period - Stopped by Zachary Fucale with a rebound.
9:47 of 3rd period - Shot by Jacob Perreault.
9:47 of 3rd period - Deflect By Tanner Kero.
9:47 of 3rd period - Shot Blocked by Samuel Houde.
9:48 of 3rd period - Minor Penalty to Damien Giroux for Hooking.
9:49 of 3rd period - Elmer Soderblom wins face-off versus Julien Gauthier in LAVAL Rocket zone.
9:54 of 3rd period - Shot by Jalen Chatfield.
9:54 of 3rd period - Deflect By Elmer Soderblom.
9:54 of 3rd period - Shot Blocked by Julien Gauthier.
9:56 of 3rd period - Shot by Jalen Chatfield.
9:56 of 3rd period - Stopped by Zachary Fucale with a rebound.
9:58 of 3rd period - Shot by Jalen Chatfield.
9:58 of 3rd period - Shot Blocked by Maxime Lajoie.
10:00 of 3rd period - Shot by Jalen Chatfield.
10:00 of 3rd period - Shot Misses the Net.
10:02 of 3rd period - Shot by Elmer Soderblom.
10:02 of 3rd period - Shot Misses the Net.
10:04 of 3rd period - Shot by Pierre-Olivier Joseph.
10:04 of 3rd period - Stopped by Zachary Fucale with a rebound.
10:06 of 3rd period - Shot by Jalen Chatfield.
10:06 of 3rd period - Stopped by Zachary Fucale without a rebound.
10:07 of 3rd period - Pontus Holmberg wins face-off versus Julien Gauthier in LAVAL Rocket zone.
10:12 of 3rd period - Shot by Pierre-Olivier Joseph.
10:12 of 3rd period - Stopped by Zachary Fucale with a rebound.
10:14 of 3rd period - Shot by Jalen Chatfield.
10:14 of 3rd period - Shot Misses the Net.
10:16 of 3rd period - Shot by Tanner Kero.
10:16 of 3rd period - Stopped by Zachary Fucale without a rebound.
10:17 of 3rd period - David Gustafsson wins face-off versus Julien Gauthier in LAVAL Rocket zone.
11:12 of 3rd period - Icing by Pierre-Olivier Joseph.
11:13 of 3rd period - Pontus Holmberg wins face-off versus Julien Gauthier in CLEVELAND Monsters zone.
13:10 of 3rd period - David Gustafsson is hit by Nicolas Beaudin and loses puck.
13:27 of 3rd period - Minor Penalty to William Trudeau for Hooking.
13:28 of 3rd period - Alex Barre-Boulet wins face-off versus Pontus Holmberg in CLEVELAND Monsters zone.
13:51 of 3rd period - Shot by Rafael Harvey-Pinard.
13:51 of 3rd period - Stopped by Samuel Ersson without a rebound.
13:52 of 3rd period - Raphael Lavoie wins face-off versus Nikita Nesterenko in CLEVELAND Monsters zone.
14:48 of 3rd period - Shot by Julien Gauthier.
14:48 of 3rd period - Stopped by Samuel Ersson without a rebound.
14:49 of 3rd period - David Gustafsson wins face-off versus Rafael Harvey-Pinard in CLEVELAND Monsters zone.
15:00 of 3rd period - Shot by Nicolas Beaudin.
15:00 of 3rd period - Shot Blocked by Jalen Chatfield.
15:42 of 3rd period - Shot by Nikita Nesterenko.
15:42 of 3rd period - Deflect By Aidan Dudas.
15:42 of 3rd period - Stopped by Zachary Fucale without a rebound.
15:43 of 3rd period - Pontus Holmberg wins face-off versus Raphael Lavoie in LAVAL Rocket zone.
15:43 of 3rd period - William Trudeau is hit by Damien Giroux and loses puck.
17:45 of 3rd period - Rafael Harvey-Pinard is hit by Jeffrey Truchon-Viel and loses puck.
17:58 of 3rd period - Pierre-Olivier Joseph is hit by Julien Gauthier and loses puck.
18:31 of 3rd period - Shot by Elmer Soderblom.
18:31 of 3rd period - Stopped by Zachary Fucale without a rebound.
18:32 of 3rd period - Pontus Holmberg wins face-off versus Elliot Desnoyers in LAVAL Rocket zone.
19:25 of 3rd period - Nikita Nesterenko is hit by Samuel Bolduc and loses puck.
Goals for this period are 0 for CLEVELAND Monsters vs 0 for LAVAL Rocket.
Shots for this period are 15 for CLEVELAND Monsters vs 6 for LAVAL Rocket. Output by the SimonT Hockey Simulator (STHS) for Martin Benoit - Original Page W3C HTML5 Valid
Hockey Simulator - Hockey Simulation - Hockey Manager